cohdb
Replays
Latest Replays
All Replays
Popular Replays
Top Player Replays
Match Explorer
How It Works
Community
CoH3 Stats
Reddit
Sign in to upload your games and track your stats! →
Sign in with Steam
Match 46759889
Unlisted
Match 46759889
Overview
Messages
Build Orders
End
Pioneer Squad
Construct Infanterie Kompanie
Grenadier Squad
Grenadier Squad
Grenadier Squad
Medical Station
Selects Breakthrough Battlegroup
Selects Assault Grenadiers
Selects Breakthrough
Construct Panzergrenadier Kompanie
Infanterie Officer Quarters
Selects Mechanized Assault Group
Mechanized Assault Group
Pak 40 Anti-tank Gun Team
BALCK_9
Demi
Bego
aSIIDemolitionHammer
0
0
Comments
sign in to comment!
No comments posted yet!